Map: Lost and Found LE

Players

IIIIIIIIIIII

  • Race: Zerg Zerg
  • League: Platinum
  • Spawn Location: 7:00

Bolshevist - Winner!

  • Race: Zerg Zerg
  • League: Platinum
  • Spawn Location: 1:00

VOD

Have the link to the VOD?

Description

Time

  • Played on: Sept. 5, 2018, 10:32 a.m.
  • Length: 11:08
Show
View Real Time Build Order
Export as new Build Order

IIIIIIIIIIII Zerg 

Build Orders: Hatch First 

Get SALT Encoding   

  12  0:01  Drone  
  13  0:09  Drone  
  14  0:17  Overlord  
  14  0:35  Drone x2  
  15  0:37  Drone  
  17  0:46  Drone  
  18  0:57  Drone  
  18  0:58  Hatchery  
  18  1:08  Drone  
  19  1:16  Spawning Pool  
  18  1:19  Drone  
  19  1:40  Drone  
  19  1:41  Overlord  
  20  1:51  Drone  
  21  1:54  Extractor  
  20  2:02  Queen  
  20  2:04  Drone  
  23  2:13  Drone  
  24  2:20  Queen  
  24  2:21  Drone x2  
  28  2:27  Drone  
  28  2:29  Roach Warren  
  28  2:34  Drone  
  28  2:35  Drone  
  30  2:42  Queen  
  32  2:49  Zergling x4  
  34  2:52  Spine Crawler  
  34  2:56  Queen  
  35  3:00  Overlord  
  35  3:02  Overlord  
  35  3:22  Roach x4  
  35  3:23  Roach  
  35  3:24  Roach  
  47  3:31  Drone x2  
  47  3:32  Drone x2  
  51  3:54  Drone  
  52  4:03  Evolution Chamber  
  52  4:05  Evolution Chamber  
  52  4:06  Drone  
  52  4:07  Overlord x2, Drone  
  52  4:10  Lair  
  52  4:12  Extractor, Drone  
  52  4:37  Zerg Missile Weapons Level 1  
  52  4:39  Drone x6  
  52  4:41  Extractor  
  52  4:42  Extractor, Drone  
  52  4:43  Drone x7  
  64  4:56  Drone  
  64  4:57  Drone  
  66  5:02  Roach  
  68  5:14  Glial Reconstitution  
  68  5:17  Overlord x2  
  68  5:18  Overlord  
  68  5:22  Overseer  
  68  5:32  Zerg Ground Armor Level 1  
  68  5:35  Hatchery  
  67  5:52  Roach  
  67  5:53  Roach x10  
  89  6:07  Roach  
  89  6:08  Overlord  
  91  6:26  Roach  
  91  6:27  Roach x3  
  91  6:28  Overlord x2  
  99  6:37  Zerg Missile Weapons Level 2  
  99  6:47  Hydralisk Den  
  92  7:14  Roach x12  
  114  7:21  Lurker Den, Drone  
  114  7:22  Drone x2  
  116  7:25  Ravager  
  117  7:41  Burrow  
  118  7:44  Drone x2  
  118  7:46  Zergling x6  
  118  7:50  Baneling Nest  
  121  8:03  Overlord x2  
  101  8:43  Roach x5  
  111  8:49  Hydralisk x9  
  129  8:56  Drone x3  
  132  9:13  Hydralisk x3  
  132  9:16  Overseer x2  
  138  9:18  Overlord x2, Roach x21  
  138  9:49  Hydralisk  
  138  9:50  Hydralisk x5  
  94  10:17  Lurker x3  
  94  10:19  Zergling x2  
  94  10:20  Zergling x12  
  91  10:26  Zergling x4  
  91  10:27  Zergling x2  
Show
View Real Time Build Order
Export as new Build Order

Bolshevist Zerg - Winner!

Build Orders: Hatch First 

Get SALT Encoding   

  12  0:02  Drone  
  13  0:08  Drone  
  14  0:27  Overlord  
  14  0:28  Overlord  
  14  0:46  Drone x2  
  16  0:56  Drone  
  17  1:02  Drone  
  18  1:08  Hatchery  
  17  1:11  Drone  
  18  1:20  Spawning Pool  
  18  1:23  Drone  
  18  1:25  Extractor  
  17  1:38  Drone  
  18  1:43  Drone  
  19  1:55  Drone  
  20  2:09  Zergling x2  
  20  2:11  Queen  
  23  2:16  Zergling x2  
  23  2:21  Zergling x2, Queen  
  27  2:26  Overlord  
  27  2:31  Drone  
  27  2:34  Metabolic Boost  
  28  2:38  Zergling x2  
  28  2:41  Zergling x2  
  30  2:51  Drone  
  30  2:55  Zergling x2  
  32  3:05  Baneling Nest  
  31  3:06  Drone x2  
  32  3:17  Drone x2  
  34  3:30  Hatchery  
  33  3:35  Drone x8  
  42  3:50  Roach Warren  
  41  3:57  Extractor  
  41  3:59  Overlord  
  40  4:05  Spine Crawler  
  40  4:08  Spine Crawler  
  38  4:10  Spine Crawler  
  38  4:14  Overlord  
  37  4:24  Overlord x2  
  37  4:40  Drone x3  
  37  4:43  Lair  
  40  4:45  Queen  
  40  4:47  Overlord  
  40  4:48  Drone x6  
  48  4:56  Roach x4  
  56  5:05  Drone  
  58  5:07  Extractor, Drone x2  
  58  5:13  Drone x4  
  62  5:14  Overlord  
  62  5:27  Drone x2  
  62  5:28  Drone x3  
  67  5:31  Extractor  
  66  5:38  Unknown  
  66  5:47  Glial Reconstitution  
  66  5:54  Evolution Chamber  
  65  5:59  Hydralisk Den  
  64  6:10  Hydralisk Den  
  64  6:11  Roach x10  
  66  6:12  Roach x2  
  88  6:20  Zerg Missile Weapons Level 1  
  88  6:25  Drone  
  89  6:28  Overlord x2  
  89  6:32  Overseer  
  89  6:51  Roach x8  
  89  6:52  Overlord x2  
  102  7:07  Roach  
  102  7:08  Roach x2  
  106  7:09  Overlord x3  
  106  7:32  Muscular Augments  
  106  7:33  Hydralisk  
  106  7:34  Hydralisk x6  
  106  7:35  Overlord  
  120  7:43  Drone  
  121  7:48  Drone x2  
  123  8:01  Hydralisk x2  
  123  8:02  Hydralisk x4  
  135  8:09  Drone x5  
  135  8:10  Extractor  
  135  8:31  Overlord x2  
  132  8:44  Grooved Spines  
  132  8:54  Hatchery  
  131  8:59  Hydralisk x9  
  131  9:01  Zergling x2  
  131  9:02  Hatchery, Zergling x2  
  150  9:06  Queen  
  152  9:19  Queen  
  152  9:23  Hydralisk x4  
  152  9:24  Hydralisk  
  158  10:00  Extractor  
  150  10:09  Extractor  
  145  10:20  Hydralisk x2  
  145  10:21  Hydralisk x7  
  162  10:50  Drone x2  
  162  10:51  Drone  
Tags
 
Add a new tag
Caveats
  • Supply blocks, unpowered buildings, or Contaminate may cause inaccurate times.
  • Supply counts are checked every 10 seconds.